 Dungeon Crawl Stone Soup version 0.24.0-13-gcf9b3192b9 (webtiles) character file.

Game seed: 18193789830303152534, levelgen mode: deterministic

1341 Iamsoldier the Digger (level 8, 0/45 HPs)
             Began as a Gargoyle Earth Elementalist on Nov 8, 2019.
             Killed from afar by an orc (7 damage)
             ... with an exploding inner flame
             ... hexed by the player character
             ... on level 6 of the Dungeon.
             The game lasted 00:24:35 (6326 turns).

Iamsoldier the Digger (Gargoyle Earth Elementalist) Turns: 6326, Time: 00:24:35

Health: 0/45       AC: 15    Str: 12    XL:     8   Next: 62%
Magic:  8/15       EV: 12    Int: 18    God:
Gold:   277        SH:  0    Dex: 10    Spells: 8/17 levels left

rFire    . . .     SeeInvis +   u - +2 flail (crush)
rCold    . . .     Gourm    .   (no shield)
rNeg     + . .     Faith    +   a - +0 robe
rPois    ∞         Spirit   .   s - +2 hat
rElec    +         Reflect  .   o - +1 cloak
rCorr    .         Harm     .   (no gloves)
MR       .....                  (no boots)
Stlth    ++........             l - amulet of faith
HPRegen  0.15/turn              i - ring of see invisible
MPRegen  0.14/turn              b - +4 ring of protection

@: no status effects
A: negative energy resistance 1, electricity resistance, unbreathing,
petrification resistance, rot immunity, AC +5
a: no special abilities


You were on level 6 of the Dungeon.
You were not hungry.

You visited 1 branch of the dungeon, and saw 6 of its levels.

You collected 277 gold pieces.

Inventory:

Hand Weapons
 j - a +2 dagger of chaos
 u - a +2 flail of crushing (weapon)
Missiles
 r - 100 stones (quivered)
Armour
 a - a +0 robe (worn)
 o - a +1 cloak (worn)
 s - a +2 hat (worn)
Jewellery
 b - a +4 ring of protection (right hand)
 i - a ring of see invisible (left hand)
 l - an amulet of faith (around neck)
 v - an uncursed ring of protection from fire
Wands
 w - a wand of disintegration (8)
 z - a wand of polymorph (20)
Scrolls
 e - 2 scrolls of identify
 f - 5 scrolls of remove curse
 q - 5 scrolls of teleportation
Potions
 g - 3 potions of degeneration {unknown}
 h - 2 potions of curing {unknown}
 k - 3 potions of heal wounds {unknown}
 m - 3 potions of flight {unknown}
 n - a potion of haste {unknown}
 p - a potion of magic {unknown}
 t - 2 potions of brilliance {unknown}
 x - a potion of ambrosia {unknown}
Comestibles
 c - a chunk of flesh
 d - 7 rations


   Skills:
 + Level 2.3 Fighting
 + Level 2.0 Maces & Flails
 + Level 2.3 Armour
 + Level 2.5 Dodging
 - Level 2.1 Stealth
 + Level 5.2 Spellcasting
 + Level 5.1 Conjurations
   Level 0.7 Transmutations
 + Level 7.2 Earth Magic


You had 8 spell levels left.
You knew the following spells:

 Your Spells              Type           Power        Failure   Level  Hunger
a - Sandblast             Erth           ####..       1%          1    None
b - Stone Arrow           Conj/Erth      ####..       3%          3    ##.....
c - Lee's Rapid Deconstr  Erth           ####......   19%         5    ######.

Your spell library contained the following spells:

 Spells                   Type           Power        Failure   Level  Hunger
 Passwall                 Tmut/Erth      ###.....     3%          2    #......
 Petrify                  Tmut/Erth      ###.....     26%         4    ####...


Dungeon Overview and Level Annotations

Branches:
Dungeon (6/15)
 Temple: D:4-7

Altars:
Fedhas
Okawaru
Ru
Wu Jian
Xom

Shops:
D:4 *

Portals:
Sewer: D:6


Innate Abilities, Weirdness & Mutations

You are resistant to torment.
Your stone body is resilient. (AC +5)
You are immune to poison.
You resist negative energy. (rN+)
You are resistant to electric shocks. (rElec)
You can survive without breathing.
You are immune to petrification.
You are immune to rotting.


Message History

Confirm with . or Enter, or press ? or * to list all spells.
Aiming: Stone Arrow (safe; 3% risk of failure)
Press: ? - help, Shift-Dir - straight line, f - orc
Aim: an orc, wielding a -3 hand axe and wearing a +0 ring mail (inner flame)
The stone arrow hits the orc.
The orc is severely wounded.
The orc priest invokes the aid of Beogh against you.
Beogh smites you!
* * * LOW HITPOINT WARNING * * *
The orc misses you.
Your magical contamination has completely faded away.
Casting: Stone Arrow (safe; 3% risk of failure)
Confirm with . or Enter, or press ? or * to list all spells.
Aiming: Stone Arrow (safe; 3% risk of failure)
Press: ? - help, Shift-Dir - straight line, f/p - orc
Aim: an orc, wielding a -3 hand axe and wearing a +0 ring mail (severely wounded, inner flame)
The stone arrow hits the orc!
The orc explodes!
The fiery explosion engulfs you!
You die...

......... #......#
#.....# . #....# ..
#....# .. ...####...#
#... .......<..#
####....
..........####.......
######.@§§..........
###§§........#
##§......##
###......####
#....o...÷..#
....##≈≈.≈≈##.# ....
#≈≈.≈≈##.#
.##.≈≈....o≈≈.#
#.≈≈.....≈≈.#


You could see an orc priest and an orc.

Vanquished Creatures
  A sky beast (D:3)
  3 ogres
  A bullfrog (D:3)
  A scorpion (D:5)
  A howler monkey (D:4)
  3 crimson imps (D:5)
  A jelly (D:5)
  2 bullfrog zombies (D:5)
  A bullfrog skeleton (D:5)
  2 orc priests (D:3)
  A hound (D:5)
  3 orc wizards
  A centaur skeleton (D:5)
  2 iguanas (D:5)
  A worker ant (D:5)
  2 hound skeletons
  8 gnolls
  10 adders
  An ooze (D:3)
  2 adder skeletons
  3 dart slugs
  4 worms
  A leopard gecko (D:5)
  18 orcs
  A ball python (D:4)
  8 bats
  4 giant cockroaches
  9 goblins
  8 hobgoblins
  6 jackals
  5 quokkas
  4 frilled lizards
  9 kobolds
  A leopard gecko skeleton (D:5)
  2 leopard gecko zombies (D:5)
  9 rats
139 creatures vanquished.

Notes
Turn   | Place    | Note
-------+----------+-------------------------------------------
     0 | D:1      | Iamsoldier the Gargoyle Earth Elementalist began the quest
                  | for the Orb.
     0 | D:1      | Reached XP level 1. HP: 10/10 MP: 3/3
   135 | D:1      | Reached XP level 2. HP: 13/15 MP: 3/5
   137 | D:1      | Reached skill level 4 in Earth Magic
   859 | D:1      | Reached XP level 3. HP: 19/19 MP: 4/7
   864 | D:1      | Learned a level 3 spell: Stone Arrow
  1125 | D:2      | Reached skill level 1 in Conjurations
  1127 | D:2      | Reached XP level 4. HP: 15/24 MP: 2/8
  1459 | D:2      | Found a shimmering altar of Xom.
  1947 | D:3      | Reached skill level 5 in Earth Magic
  2026 | D:3      | Reached XP level 5. HP: 28/28 MP: 4/10
  2081 | D:3      | Noticed a sky beast
  2094 | D:3      | Killed a sky beast
  2094 | D:3      | Reached XP level 6. HP: 32/32 MP: 3/11
  2102 | D:3      | Learned a level 5 spell: Lee's Rapid Deconstruction
  2761 | D:3      | Reached skill level 6 in Earth Magic
  2879 | D:3      | Found a blossoming altar of Fedhas.
  3093 | D:4      | Reached XP level 7. HP: 16/36 MP: 0/13
  3735 | D:4      | Found an ornate altar of the Wu Jian Council.
  3815 | D:4      | Found Ditzinub's Elemental Accessories.
  3828 | D:4      | Found a sacrificial altar of Ru.
  4167 | D:5      | Entered Level 5 of the Dungeon
  4639 | D:5      | Reached skill level 1 in Fighting
  4639 | D:5      | Reached skill level 1 in Armour
  4647 | D:5      | Reached skill level 1 in Maces & Flails
  4647 | D:5      | Reached XP level 8. HP: 43/43 MP: 9/15
  4928 | D:5      | Found an iron altar of Okawaru.
  5491 | D:5      | Reached skill level 5 in Spellcasting
  5496 | D:5      | Reached skill level 7 in Earth Magic
  5911 | D:5      | Reached skill level 5 in Conjurations
  6293 | D:6      | Found a glowing drain.
  6326 | D:6      | Killed from afar by an orc

Levels and vault maps discovered:
D:1:      lightli_arrival_flooded_house, layout_basic
D:2:      layout_rooms, first_ration, st_stairs_12, tgw_xom
D:3:      layout_loops_cross, old_standard_altar
D:4:      layout_gridville, nicolae_ru_sacrificial_ziggurat, marbit_many_paths,
          nicolae_elemental_shop
D:5:      kennysheep_windowed_halls, layout_layer_cave,
          okawaru_altar_gauntlet_db
D:6:      layout_layer_cave, old_standard_altar, minmay_temple_entry_offerings,
          serial_shops, shop, cheibrodos_sewer_entry_sluice,
          uniq_prince_ribbit1, uniq_pikel, uniq_eustachio

Skill      XL: |  1  2  3  4  5  6  7  8 |
---------------+-------------------------+-----
Earth Magic    | 4 5 6 7 |  7.2
Conjurations   | 1 2 3 4 5 |  5.1
Spellcasting   | 3 4 5 |  5.2
Fighting       | 1 2 |  2.3
Armour         | 1 2 |  2.3
Maces & Flails | 1 2 |  2.0
Dodging        | 2 |  2.5
Stealth        | |  2.1
Transmutations | |  0.7

Action                   |  1- 3 |  4- 6 |  7- 9 || total
-------------------------+-------+-------+-------++-------
Melee: Unarmed           |     8 |       |       ||     8
       Short sword       |     7 |       |       ||     7
       Dagger            |    31 |    74 |       ||   105
       Flail             |       |       |   122 ||   122
 Cast: Sandblast         |    36 |    49 |    12 ||    97
       Stone Arrow       |       |    10 |    35 ||    45
       Lee's Rapid Decon |       |       |     1 ||     1
  Use: Scroll            |       |       |     7 ||     7
 Stab: Paralysed         |       |     2 |       ||     2
       Sleeping          |       |       |     2 ||     2
  Eat: Chunk             |     1 |     7 |    13 ||    21
Armor: Robe              |    35 |    37 |    91 ||   163
Dodge: Dodged            |    53 |    63 |   128 ||   244
